Map: Shrines of Lizul

Players

KeTcHuP

  • Race: Protoss Protoss
  • Spawn Location: 6:00

MeowMeow

  • Race: Zerg Zerg
  • League: Gold
  • Spawn Location: 9:00

BizMac - Winner!

  • Race: Zerg Zerg
  • Spawn Location: 12:00

ILIEKEGGPIE - Winner!

  • Race: Terran Terran
  • League: Platinum
  • Spawn Location: 3:00

VOD

Have the link to the VOD?

Description

Time

  • Played on: May 23, 2018, 7:28 p.m.
  • Length: 10:40
Show
View Real Time Build Order
Export as new Build Order

KeTcHuP Protoss 

Build Orders: Oracle Opening 

Get SALT Encoding   

  12  0:04  Probe  
  13  0:16  Probe  
  13  0:20  Pylon  
  14  0:27  Probe  
  15  0:35  Probe  
  16  0:43  Gateway, Probe  
  17  0:54  Probe  
  18  1:05  Assimilator  
  18  1:06  Probe  
  19  1:16  Assimilator  
  19  1:18  Probe, Pylon  
  20  1:30  Probe  
  21  1:42  Probe  
  21  1:43  Cybernetics Core  
  22  1:55  Probe  
  22  1:58  Zealot  
  25  2:07  Probe  
  26  2:09  Pylon  
  26  2:13  Warp Gate  
  26  2:20  Stargate, Probe  
  27  2:25  Stalker  
  29  2:32  Probe  
  30  2:44  Probe  
  31  2:54  Oracle  
  31  2:55  Stalker  
  31  2:56  Probe  
  34  3:05  Pylon  
  37  3:08  Probe  
  38  3:20  Probe  
  38  3:21  Sentry  
  41  3:39  Nexus  
  42  3:41  Probe  
  41  4:17  Oracle  
  39  4:26  Gateway  
  39  4:27  Gateway  
  39  5:19  Probe  
  40  5:24  Twilight Council  
  40  5:26  Zealot x3  
  46  6:02  Oracle  
  46  6:03  Zealot  
  46  6:24  Zealot x2  
  44  6:31  Stalker  
  44  6:46  Gateway  
  44  6:47  Gateway  
  44  6:57  Stalker  
  36  7:16  Stalker x2  
  36  7:21  Stalker  
  42  7:26  Pylon  
  42  7:27  Pylon  
  39  7:58  Stalker x4  
  41  7:59  Stalker  
  45  8:22  Stalker x4  
  53  8:27  Probe  
  53  8:31  Nexus  
  51  8:54  Zealot  
  51  8:55  Sentry  
  55  8:57  Stalker  
  55  8:58  Stalker  
  59  9:05  Probe  
  60  9:13  Pylon  
  60  9:17  Probe  
  57  9:42  Zealot x3  
  51  10:00  Zealot x2  
  39  10:29  Zealot x4  
Show
View Real Time Build Order
Export as new Build Order

MeowMeow Zerg 

Build Orders: Pool First 

Get SALT Encoding   

  12  0:01  Drone  
  13  0:08  Drone  
  14  0:28  Spawning Pool  
  14  0:29  Extractor  
  14  0:33  Drone  
  13  0:45  Drone  
  13  0:47  Overlord  
  14  1:15  Zergling x6  
  17  1:32  Zergling x2  
  18  1:53  Zergling x4  
  20  1:59  Zergling x2  
  20  2:07  Metabolic Boost  
  20  2:09  Drone  
  21  2:30  Zergling x2  
  21  2:44  Zergling x2  
  20  2:52  Zergling x2  
  21  3:04  Zergling x2  
  21  3:07  Zergling x2  
  19  3:16  Overlord  
  19  3:17  Queen  
  21  3:22  Spine Crawler  
  21  3:25  Hatchery  
  18  3:38  Zergling x4  
  4  3:57  Zergling x4  
  2  4:21  Drone x2  
  4  4:30  Drone  
  5  4:56  Drone  
  6  5:19  Drone  
  7  5:33  Drone  
Show
View Real Time Build Order
Export as new Build Order

BizMac Zerg - Winner!

Build Orders: Pool First 

Get SALT Encoding   

  12  0:01  Drone  
  13  0:09  Drone  
  14  0:18  Overlord  
  14  0:36  Drone x3  
  17  0:47  Drone  
  17  0:48  Extractor  
  17  0:52  Spawning Pool  
  16  0:58  Drone  
  17  1:13  Drone  
  18  1:30  Hatchery  
  17  1:36  Drone  
  17  1:37  Drone  
  19  1:43  Queen  
  21  1:50  Metabolic Boost  
  21  1:57  Overlord  
  21  2:10  Zergling x2  
  22  2:16  Zergling x4  
  24  2:34  Zergling x2  
  24  2:52  Zergling x12  
  24  2:56  Queen  
  32  3:14  Zergling x8  
  34  3:42  Zergling x2  
  34  4:11  Queen  
  34  4:15  Zergling x4  
  34  4:16  Overlord x2  
  34  4:17  Overlord  
  32  4:26  Zergling x2  
  32  4:27  Zergling x4  
  35  4:33  Lair  
  35  4:35  Extractor  
  33  5:03  Zergling x6  
  33  5:04  Zergling x12  
  33  5:05  Zergling x4  
  40  5:15  Drone  
  41  5:40  Drone x5  
  38  6:10  Drone  
  41  6:11  Drone x6  
  42  6:24  Overseer  
  40  6:25  Drone  
  40  6:26  Drone x2  
  40  6:31  Spore Crawler  
  39  6:32  Spine Crawler  
  39  6:35  Drone x4, Hydralisk Den  
  39  6:38  Extractor  
  40  6:40  Extractor  
  39  6:53  Drone x4  
  43  6:58  Queen  
  43  6:59  Spore Crawler  
  40  7:17  Spore Crawler  
  40  7:21  Drone x3  
  32  7:23  Queen  
  32  7:33  Hydralisk x3  
  32  7:34  Hydralisk x4  
  46  7:40  Drone  
  47  7:51  Overlord  
  47  8:01  Drone x4  
  51  8:08  Grooved Spines  
  51  8:13  Drone  
  51  8:19  Zergling x2  
  51  8:20  Zergling x8  
  55  8:33  Drone x2  
  57  8:35  Drone x2  
  57  8:40  Evolution Chamber  
  58  8:52  Hydralisk x3  
  58  8:53  Hydralisk x2  
  67  8:58  Overlord  
  67  8:59  Overlord  
  67  9:13  Hatchery  
  66  9:19  Muscular Augments  
  66  9:36  Hydralisk x6  
  74  10:13  Hydralisk  
  72  10:14  Hydralisk x5  
Show
View Real Time Build Order
Export as new Build Order

ILIEKEGGPIE Terran - Winner!

Build Orders:  

Get SALT Encoding   

  12  0:01  SCV  
  13  0:13  SCV  
  14  0:23  Supply Depot  
  14  0:28  SCV  
  15  0:42  Refinery  
  15  0:44  SCV  
  15  0:46  Barracks  
  16  1:08  SCV  
  17  1:16  Refinery  
  17  1:20  SCV  
  18  1:32  SCV  
  20  1:54  Orbital Command  
  19  2:01  Reaper  
  19  2:09  Bunker  
  12  3:12  SCV  
  9  3:24  SCV  
  10  3:27  Barracks Reactor  
  10  3:36  SCV  
  11  3:45  Supply Depot  
  10  3:48  SCV  
  6  4:00  SCV  
  3  4:04  Marine  
  3  4:05  Marine  
  5  4:13  SCV  
  6  4:22  Marine x2  
  8  4:40  SCV  
  8  4:41  Marine x2  
  11  4:52  SCV  
  12  5:06  SCV  
  13  5:13  Marine x2  
  15  5:18  SCV  
  16  5:34  Marine x2  
  18  5:36  SCV  
  19  5:46  Engineering Bay  
  19  6:28  Marine x2  
  19  6:31  Missile Turret  
  21  6:45  SCV  
  22  6:53  Barracks  
  22  6:57  SCV  
  23  7:26  Supply Depot  
  23  7:41  Supply Depot  
  23  7:47  Marine x2  
  23  7:48  SCV  
  22  8:05  Marine x2  
  18  8:09  Barracks Tech Lab  
  18  8:12  Barracks, SCV  
  16  8:22  Marine  
  16  8:23  Marine  
  16  8:24  SCV  
  19  8:31  Stimpack  
  19  8:36  SCV  
  19  8:40  Marine  
  19  8:41  Marine  
  21  8:48  SCV  
  23  8:58  Marauder  
  23  9:00  SCV  
  26  9:12  SCV  
  26  9:13  Marine x2  
  26  9:15  Barracks Tech Lab  
  29  9:20  Marauder  
  29  9:24  SCV  
  28  9:35  Marauder, Marine x2  
  28  9:36  SCV  
  33  9:41  Marine  
  34  9:49  Supply Depot, SCV  
  35  10:15  Marine  
  35  10:16  Marauder, Marine  
Tags
 
Add a new tag
Caveats
  • Supply blocks, unpowered buildings, or Contaminate may cause inaccurate times.
  • Supply counts are checked every 10 seconds.